[Event "Titled Tuesday Blitz August 1 Early 2023"]
[White "Papp, Petra"]
[Black "Vaibhav Jayant Raut"]
[WhiteFideId "739049"]
[BlackFideId "5089034"]
[WhiteElo "2445"]
[BlackElo "2590"]
[Result "1-0"]
[Round "8"]
[TimeControl "180+1"]
[Date "2023.08.01"]
[WhiteClock "0:00:17"]
[BlackClock "0:01:07"]
[Board "101"]

1. d4 Nf6 2. c4 e6 3. Nc3 Bb4 4. Bd2 O-O 5. e3 b6 6. Nf3 Bb7 7. Bd3 d5 8. cxd5 Bxc3 9. bxc3 exd5 10. Ne5 c5 11. f4 Ba6 12. O-O Bxd3 13. Nxd3 Qc7 14. a4 Nbd7 15. Ne5 Ne4 16. Be1 f6 17. Nd3 Rfe8 18. a5 Nd6 19. Bf2 Nc4 20. axb6 axb6 21. Rxa8 Rxa8 22. dxc5 bxc5 23. Nb4 Ndb6 24. Nxd5 Qf7 25. Nxb6 Nxb6 26. Qd6 Qd5 27. Qxb6 Ra2 28. e4 Qxe4 29. Qxc5 h6 30. Qd4 Qe6 31. c4 Rc2 32. Qd5 Qxd5 33. cxd5 Rd2 34. Re1 Rxd5 35. g3 Kf7 36. Kg2 h5 37. Kf3 Rb5 38. Re3 Rb2 39. Ra3 Rb7 40. h3 Kg6 41. g4 hxg4+ 42. hxg4 Rb2 43. Ra7 Rb3+ 44. Be3 Rc3 45. f5+ Kh7 46. Re7 Kh8 47. Kf4 Rc4+ 48. Re4 Rc8 49. Bd4 Ra8 50. Re7 Ra4 51. Rd7 Kh7 52. g5 fxg5+ 53. Kxg5 Kg8 54. Rxg7+ Kf8 55. Rd7 Ra2 56. Kg6 Rg2+ 57. Kf6 Re2 58. Rd8+ Re8 59. Rxe8+ Kxe8 60. Kg7 Kd7 61. f6 1-0


[Site "https://www.chess.com"]

[Event "Titled Tuesday Blitz August 1 Early 2023"]
[White "Shukhman, Anna"]
[Black "Kayis, Gulcan Sena"]
[WhiteFideId "54180058"]
[BlackFideId "34553045"]
[WhiteElo "2589"]
[BlackElo "2454"]
[Result "0-1"]
[Round "8"]
[TimeControl "180+1"]
[Date "2023.08.01"]
[WhiteClock "0:02:21"]
[BlackClock "0:02:06"]
[Board "102"]

1. e4 e6 2. d4 d5 3. Nc3 Nf6 4. e5 Nfd7 5. f4 c5 6. Nf3 Nc6 7. Be3 Be7 8. Qd2 O-O 9. dxc5 Bxc5 10. O-O-O a6 11. Nd4 Nxd4 12. Bxd4 b5 13. f5 Bxd4 14. Qxd4 Qg5+ 15. Kb1 Qxf5 16. Re1 Bb7 17. Bd3 Qh5 18. h4 f5 19. exf6 Rxf6 20. g4 Qf7 21. g5 Rf4 22. Qb6 Nxb6 0-1


[Site "https://www.chess.com"]

[Event "Titled Tuesday Blitz August 1 Early 2023"]
[White "Sadykov, Ramil"]
[Black "Rozhkov, Viacheslav"]
[WhiteFideId "24113590"]
[BlackFideId "4181484"]
[WhiteElo "2565"]
[BlackElo "2443"]
[Result "0-1"]
[Round "8"]
[TimeControl "180+1"]
[Date "2023.08.01"]
[WhiteClock "0:00:04"]
[BlackClock "0:00:02"]
[Board "103"]

1. e4 c5 2. Nf3 Nc6 3. Bb5 e6 4. Bxc6 bxc6 5. d3 Ne7 6. h4 d6 7. e5 d5 8. h5 h6 9. c4 Nf5 10. Nc3 Be7 11. b3 Qa5 12. Bd2 Qc7 13. O-O O-O 14. Na4 f6 15. Bf4 Nd4 16. Nxd4 cxd4 17. Qe2 dxc4 18. dxc4 f5 19. c5 a5 20. Qc4 Rd8 21. Rfd1 Rd5 22. Nb6 Ba6 23. Nxa8 Qa7 24. Qc2 Qxa8 25. Qb2 Bxc5 26. Rac1 Qf8 27. Rc2 d3 28. Rcd2 Bb4 29. a3 Bxa3 30. Qb1 Bb4 31. Rxd3 Bxd3 32. Rxd3 Qc5 33. Rd1 Qc3 34. Rc1 Qd4 35. Be3 Qxe5 36. Rxc6 Kh7 37. g3 Qe4 38. Rc7 Qxb1+ 0-1


[Site "https://www.chess.com"]

[Event "Titled Tuesday Blitz August 1 Early 2023"]
[White "Bogaudinov, Rushan"]
[Black "Pastar, Slaven"]
[WhiteFideId "4129288"]
[BlackFideId "14402718"]
[WhiteElo "2433"]
[BlackElo "2564"]
[Result "0-1"]
[Round "8"]
[TimeControl "180+1"]
[Date "2023.08.01"]
[WhiteClock "0:00:00"]
[BlackClock "0:00:06"]
[Board "104"]

1. e4 b6 2. d4 Bb7 3. Bd3 Nf6 4. Nc3 e6 5. Nge2 d5 6. e5 Ng8 7. O-O c5 8. Bb5+ Bc6 9. a4 Bxb5 10. axb5 Ne7 11. Ng3 h5 12. Bg5 h4 13. Nge2 Qc7 14. h3 Nd7 15. Na4 cxd4 16. Nxd4 Qxe5 17. Bxe7 Bxe7 18. Nc6 Qf4 19. Nxe7 Kxe7 20. Re1 Nf6 21. Qd3 Rh5 22. Qa3+ Qd6 23. Nxb6 Qxa3 24. Rxa3 Rb8 25. Rxa7+ Kf8 26. Ra6 d4 27. Nc4 Rhxb5 28. b3 Nd5 29. Rd1 Nc3 30. Rd2 e5 31. f4 e4 32. Kh2 Rd5 33. Ne5 Re8 34. Ra7 e3 35. Rd3 Rexe5 36. fxe5 e2 37. Ra1 Ke7 38. Re1 Ke6 39. Kg1 Kxe5 40. Kf2 Ke4 41. Rxe2+ Nxe2 42. Kxe2 Rc5 43. Rd2 Rg5 44. Kd1 Rg3 45. Re2+ Kd5 46. Kd2 g5 47. Rf2 f6 48. Kc1 Ke5 49. Kb2 f5 50. b4 g4 51. hxg4 fxg4 52. b5 Kd5 53. b6 Kc6 54. Rf6+ Kb7 55. Rh6 h3 56. gxh3 gxh3 57. Rh4 d3 58. cxd3 Rg2+ 59. Kc3 h2 0-1


[Site "https://www.chess.com"]

[Event "Titled Tuesday Blitz August 1 Early 2023"]
[White "Swicarz, Maciej"]
[Black "Degenbaev, Aziz"]
[WhiteFideId "1113585"]
[BlackFideId "13802640"]
[WhiteElo "2418"]
[BlackElo "2563"]
[Result "1-0"]
[Round "8"]
[TimeControl "180+1"]
[Date "2023.08.01"]
[WhiteClock "0:01:23"]
[BlackClock "0:01:47"]
[Board "105"]

1. c4 e5 2. Nc3 Nc6 3. Nf3 Nf6 4. e4 Bb4 5. d3 O-O 6. a3 Bxc3+ 7. bxc3 d6 8. Be2 Re8 9. O-O b6 10. Ne1 h6 11. f4 exf4 12. Bxf4 Ba6 13. Nc2 Qd7 14. Nb4 Bb7 15. Qd2 Kh7 16. Nd5 Nxd5 17. cxd5 Ne5 18. h3 Ng6 19. Bg3 a5 20. Bg4 Qe7 21. Rf2 Bc8 22. Bd1 f6 23. Bc2 Kh8 24. Raf1 Bd7 25. d4 Nf8 26. e5 dxe5 27. dxe5 fxe5 28. Rf7 Qc5+ 29. Kh1 Bb5 30. R1f6 Kg8 31. Rxg7+ Kxg7 32. Qxh6+ Kg8 33. Rxf8+ 1-0


[Site "https://www.chess.com"]

[Event "Titled Tuesday Blitz August 1 Early 2023"]
[White "Rosenberg, Evan S"]
[Black "Kashlinskaya, Alina"]
[WhiteFideId "2019299"]
[BlackFideId "4198026"]
[WhiteElo "2403"]
[BlackElo "2558"]
[Result "0-1"]
[Round "8"]
[TimeControl "180+1"]
[Date "2023.08.01"]
[WhiteClock "0:00:00"]
[BlackClock "0:01:32"]
[Board "106"]

1. c4 Nf6 2. g3 g6 3. Bg2 Bg7 4. Nc3 O-O 5. d4 d6 6. h3 e5 7. Nf3 Nc6 8. Be3 Re8 9. O-O exd4 10. Nxd4 Ne5 11. b3 a6 12. Qd2 Rb8 13. Rac1 c5 14. Nc2 b5 15. cxb5 axb5 16. Rfd1 b4 17. Na4 Ba6 18. Qxd6 Bxe2 19. Qxd8 Rbxd8 20. Rxd8 Rxd8 21. Nxc5 Nf3+ 22. Kh1 Nd5 23. Ne1 Nxe1 24. Rxe1 Nxe3 25. Rxe2 Nd1 26. Nb7 Rd7 27. Re8+ Bf8 28. Nc5 Rc7 29. Nd3 Nc3 30. Ra8 Kg7 31. Kh2 Rd7 32. Ne5 Rd2 33. Kg1 Bc5 0-1


[Site "https://www.chess.com"]

[Event "Titled Tuesday Blitz August 1 Early 2023"]
[White "Gauri, Shankar"]
[Black "Nosacheva, Mariya"]
[WhiteFideId "5041350"]
[BlackFideId "34111422"]
[WhiteElo "2550"]
[BlackElo "2386"]
[Result "1-0"]
[Round "8"]
[TimeControl "180+1"]
[Date "2023.08.01"]
[WhiteClock "0:00:13"]
[BlackClock "0:00:14"]
[Board "107"]

1. e4 c5 2. Nf3 d6 3. Bb5+ Nd7 4. O-O a6 5. Bd3 b5 6. Re1 Qc7 7. a4 c4 8. Bf1 Bb7 9. Nc3 bxa4 10. Nd5 Bxd5 11. exd5 Ngf6 12. d3 c3 13. bxc3 Nxd5 14. c4 N5b6 15. Ng5 e6 16. Qf3 O-O-O 17. Nxf7 Ne5 18. Rxe5 dxe5 19. Nxh8 Bc5 20. Bd2 Rxh8 21. Ba5 Rf8 22. Qe4 Bxf2+ 23. Kh1 Bd4 24. Rb1 Kd7 25. c3 Bf2 26. d4 Rb8 27. Qxh7 Kc6 28. c5 Nd5 29. Bxc7 Rxb1 30. Qxb1 Nxc7 31. Qa2 1-0


[Site "https://www.chess.com"]

[Event "Titled Tuesday Blitz August 1 Early 2023"]
[White "Rodriguez Santiago, Jaime"]
[Black "Vlassov, Nikolai"]
[WhiteFideId "3100898"]
[BlackFideId "4103360"]
[WhiteElo "2378"]
[BlackElo "2542"]
[Result "0-1"]
[Round "8"]
[TimeControl "180+1"]
[Date "2023.08.01"]
[WhiteClock "0:00:28"]
[BlackClock "0:01:59"]
[Board "108"]

1. c4 e5 2. Nc3 Nf6 3. g3 h5 4. h3 d5 5. cxd5 Nxd5 6. Bg2 Be6 7. Nf3 Nc6 8. Qa4 Nb6 9. Qc2 Be7 10. a3 Qd7 11. b4 O-O-O 12. b5 Nd4 13. Nxd4 exd4 14. Qe4 c5 15. bxc6 bxc6 16. Nd1 Bd5 17. Qc2 Bxg2 18. Rg1 Qxh3 19. f3 Qxg3+ 20. Nf2 Bh4 21. Qxc6+ Kb8 0-1


[Site "https://www.chess.com"]

[Event "Titled Tuesday Blitz August 1 Early 2023"]
[White "Thecourseoisildur"]
[Black "Romero Arzuaga, Yudel"]
[BlackFideId "3521010"]
[WhiteElo "2536"]
[BlackElo "2364"]
[Result "1-0"]
[Round "8"]
[TimeControl "180+1"]
[Date "2023.08.01"]
[WhiteClock "0:02:24"]
[BlackClock "0:02:03"]
[Board "109"]

1. d4 d5 2. c4 e6 3. Nf3 h6 4. g3 Nf6 5. Bg2 c6 6. O-O Be7 7. Qc2 O-O 8. Nbd2 Nbd7 9. b3 b6 10. Bb2 Bb7 11. e4 dxe4 12. Nxe4 c5 13. Nxf6+ Bxf6 14. Rad1 Qc7 15. d5 exd5 16. cxd5 Bxb2 17. Qxb2 Rad8 18. d6 Qc6 19. Nh4 Qc8 20. Nf5 1-0


[Site "https://www.chess.com"]

[Event "Titled Tuesday Blitz August 1 Early 2023"]
[White "Vifleemskaia, Svetlana"]
[Black "Ismagilov, Damir"]
[WhiteFideId "4129490"]
[BlackFideId "34199982"]
[WhiteElo "2345"]
[BlackElo "2535"]
[Result "1-0"]
[Round "8"]
[TimeControl "180+1"]
[Date "2023.08.01"]
[WhiteClock "0:00:09"]
[BlackClock "0:00:00"]
[Board "110"]

1. d4 Nf6 2. c4 e6 3. Nc3 Bb4 4. e3 O-O 5. Ne2 c6 6. a3 Ba5 7. b4 Bc7 8. f4 d5 9. c5 a5 10. Bd2 axb4 11. axb4 Rxa1 12. Qxa1 Na6 13. Qb1 b5 14. Ng3 Ne8 15. Bd3 Qh4 16. O-O g6 17. Be1 Qe7 18. Nce2 Ng7 19. Bd2 h5 20. Nc1 h4 21. Nge2 g5 22. g4 f5 23. h3 fxg4 24. hxg4 e5 25. dxe5 Bxg4 26. Nd4 Nb8 27. Nce2 gxf4 28. exf4 h3 29. Kh2 Qh4 30. Qe1 Qh5 31. Qg3 Nd7 32. Rg1 Nxe5 33. fxe5 Bxe5 34. Bf4 Rxf4 35. Nxf4 Qg5 36. Nde6 Bxf4 37. Qxf4 Qxf4+ 38. Nxf4 Bd7 39. Nh5 1-0


[Site "https://www.chess.com"]

[Event "Titled Tuesday Blitz August 1 Early 2023"]
[White "Womacka, Mathias"]
[Black "Pavlidou, Ekaterini"]
[WhiteFideId "4611390"]
[BlackFideId "4213262"]
[WhiteElo "2533"]
[BlackElo "2338"]
[Result "1/2-1/2"]
[Round "8"]
[TimeControl "180+1"]
[Date "2023.08.01"]
[WhiteClock "0:00:10"]
[BlackClock "0:00:04"]
[Board "111"]

1. e4 c5 2. Nf3 Nc6 3. d4 cxd4 4. Nxd4 Nf6 5. Nc3 e6 6. Ndb5 Bc5 7. Bf4 O-O 8. Bc7 Qe7 9. Bd6 Bxd6 10. Qxd6 Qd8 11. Nc7 Rb8 12. Be2 b5 13. e5 b4 14. exf6 bxc3 15. fxg7 Kxg7 16. Qg3+ Kh8 17. Qxc3+ e5 18. Nd5 Nd4 19. Bd3 Bb7 20. Ne3 f5 21. f4 d6 22. O-O Rc8 23. Qb4 Rc7 24. c3 Nc6 25. Qa4 e4 26. Bc4 Rg7 27. Kh1 Qb6 28. Rae1 Ne7 29. Qb3 Qc7 30. Nd5 Nxd5 31. Bxd5 Ba6 32. c4 Qc5 33. Qc3 h6 34. b4 Qc7 35. Qd4 Kh7 36. Re3 Qb8 37. a3 Qd8 38. h3 Rf6 39. Kh2 Rfg6 40. Rf2 Qh4 41. Rc3 Rg3 42. Rxg3 Qxg3+ 43. Kh1 Qxa3 44. Be6 e3 45. Bxf5+ Kh8 46. Re2 Bb7 47. Be4 Bxe4 48. Qxe4 Qxb4 49. Rxe3 Qd2 50. Kh2 a5 51. Re2 Qc3 52. f5 Qg3+ 53. Kh1 a4 54. f6 Rg8 55. f7 Rf8 56. Qe7 Qg7 57. Rf2 a3 58. Qxd6 a2 59. Rxa2 Qxf7 60. Qd5 Qf1+ 61. Kh2 Qf4+ 62. g3 Qf1 63. Rd2 Rf2+ 64. Rxf2 Qxf2+ 65. Qg2 Qc5 66. Qe2 Kg8 67. h4 Kg7 68. Kg2 Kh7 69. Qe4+ Kg7 70. Qd5 Qc8 71. c5 Kf6 72. c6 Qc7 73. Kf3 Qb6 74. Qd6+ Kf7 75. Qd7+ Kf6 76. c7 Qb3+ 77. Ke4 Qc2+ 78. Ke3 Qc1+ 79. Kf3 Qf1+ 80. Ke4 Qe2+ 81. Kf4 Qf2+ 82. Kg4 Qe2+ 83. Kh3 Qf1+ 84. Kh2 Qf2+ 85. Kh3 Qf1+ 86. Kg4 Qe2+ 87. Kf4 Qf2+ 88. Ke4 Qe2+ 89. Kf4 1/2-1/2


[Site "https://www.chess.com"]

[Event "Titled Tuesday Blitz August 1 Early 2023"]
[White "Al-Tarboush, Ward"]
[Black "Miguelitro69"]
[WhiteFideId "7601450"]
[WhiteElo "2530"]
[BlackElo "2336"]
[Result "1-0"]
[Round "8"]
[TimeControl "180+1"]
[Date "2023.08.01"]
[WhiteClock "0:00:49"]
[BlackClock "0:00:00"]
[Board "112"]

1. e4 c5 2. Nf3 Nc6 3. d4 cxd4 4. Nxd4 g6 5. c4 Bg7 6. Be3 Nf6 7. Nc3 Ng4 8. Qxg4 Nxd4 9. Qd1 Ne6 10. Qd2 O-O 11. Be2 d6 12. O-O Bd7 13. Rac1 Bc6 14. f3 a5 15. b3 Nc5 16. Rfd1 Qb6 17. Kh1 h5 18. Bd4 Rfc8 19. Bxg7 Kxg7 20. Qd4+ Kh7 21. Rb1 Qc7 22. a3 a4 23. b4 Nb3 24. Qe3 Bd7 25. Nd5 Qd8 26. Nb6 Be6 27. f4 Rc6 28. Nxa8 Qxa8 29. f5 gxf5 30. Bxh5 Qg8 31. Qh3 fxe4 32. Qh4 Kg7 33. Qxe7 Qh7 34. Qg5+ Kf8 35. Qd8+ Kg7 36. Qg5+ Kf8 37. b5 Rc5 38. Qd8+ Kg7 39. Be2 e3 40. Qxd6 Qc2 41. Qg3+ Kh6 42. Qxe3+ Rg5 43. h4 f6 44. hxg5+ fxg5 45. Qxe6+ 1-0


[Site "https://www.chess.com"]

[Event "Titled Tuesday Blitz August 1 Early 2023"]
[White "Gontcharov, Vladislav"]
[Black "SicilianPanzer"]
[WhiteFideId "4123492"]
[WhiteElo "2529"]
[BlackElo "2332"]
[Result "1-0"]
[Round "8"]
[TimeControl "180+1"]
[Date "2023.08.01"]
[WhiteClock "0:00:43"]
[BlackClock "0:00:00"]
[Board "113"]

1. d4 Nf6 2. c4 e6 3. Nc3 Bb4 4. e3 O-O 5. Bd3 c5 6. Nf3 b6 7. Bd2 Bb7 8. O-O cxd4 9. exd4 d5 10. Bg5 dxc4 11. Bxc4 Nbd7 12. Qe2 Be7 13. Ne5 Rc8 14. Rad1 Nd5 15. Bxd5 Bxd5 16. Nxd7 Bxg5 17. Nxf8 Bc4 18. Qh5 Bxf1 19. Nxh7 Bh6 20. Kxf1 Kxh7 21. Qxf7 Qh4 22. h3 Rd8 23. Qxe6 Rxd4 24. Rxd4 Qxd4 25. Qe4+ Qxe4 26. Nxe4 Kg6 27. g4 Bf4 28. Ke2 Kf7 29. Kf3 Be5 30. b3 Ke6 31. Ng5+ Kd5 32. h4 Kd4 33. Ne4 Kd3 34. g5 b5 35. g6 b4 36. h5 Kc2 37. Kg4 Kb2 38. Kf5 Bd4 39. h6 gxh6 40. Nf6 Kxa2 41. g7 Bxf6 42. Kxf6 1-0


[Site "https://www.chess.com"]

[Event "Titled Tuesday Blitz August 1 Early 2023"]
[White "Daniel_Salinas"]
[Black "Vyatkin, Dmitry"]
[BlackFideId "4171900"]
[WhiteElo "2272"]
[BlackElo "2519"]
[Result "1-0"]
[Round "8"]
[TimeControl "180+1"]
[Date "2023.08.01"]
[WhiteClock "0:02:00"]
[BlackClock "0:00:07"]
[Board "114"]

1. d4 Nf6 2. c4 g6 3. Nf3 Bg7 4. g3 d6 5. Bg2 O-O 6. O-O Nc6 7. Nc3 a6 8. Bf4 Rb8 9. Rc1 Bd7 10. Nd5 e6 11. Nxf6+ Bxf6 12. d5 Ne5 13. Nd4 b6 14. h3 Bg7 15. Qd2 Qe7 16. Bg5 f6 17. dxe6 fxg5 18. exd7 Qxd7 19. Qxg5 Nd3 20. exd3 1-0


[Site "https://www.chess.com"]

[Event "Titled Tuesday Blitz August 1 Early 2023"]
[White "Atanasov, Radislav"]
[Black "NigelDwarf"]
[WhiteFideId "2901471"]
[WhiteElo "2271"]
[BlackElo "2518"]
[Result "0-1"]
[Round "8"]
[TimeControl "180+1"]
[Date "2023.08.01"]
[WhiteClock "0:00:30"]
[BlackClock "0:00:06"]
[Board "115"]

1. e4 c5 2. c3 Nf6 3. e5 Nd5 4. d4 cxd4 5. Nf3 d6 6. cxd4 Nc6 7. Bc4 Nb6 8. Bb5 dxe5 9. Nxe5 Bd7 10. Nxd7 Qxd7 11. O-O e6 12. Qg4 a6 13. Bxc6 Qxc6 14. Nc3 h5 15. Qe2 Be7 16. Rd1 Rd8 17. Be3 h4 18. h3 O-O 19. Rac1 Qd7 20. Ne4 Nd5 21. Bg5 Rc8 22. Rxc8 Rxc8 23. Qh5 Bxg5 24. Nxg5 Nf6 25. Qxh4 Qd5 26. Qf4 Qxa2 27. d5 exd5 28. Re1 Qxb2 29. Kh2 Qa3 30. Re3 Qc5 31. Rg3 Qc7 32. Qf3 Qe5 33. h4 Rc4 34. Kg1 Rxh4 35. Qd1 Rd4 36. Qb1 Ra4 37. Nf3 Qa1 38. Qxa1 Rxa1+ 39. Kh2 Rd1 40. Ne5 d4 41. Rb3 b5 42. Ra3 Re1 43. Nd3 Rd1 44. Nc5 Nd5 45. Rxa6 d3 46. Ra8+ Kh7 47. Rd8 Nf4 48. Ne4 b4 49. g3 Ne2 50. Ng5+ Kg6 51. f4 Rd2 52. Nf3 Rc2 53. Rxd3 Nc1+ 54. Rd2 Rxd2+ 55. Nxd2 b3 56. Kg2 Kf5 57. Kf3 b2 58. g4+ Ke6 59. Nb1 Nb3 60. Ke4 g6 61. f5+ gxf5+ 62. gxf5+ Kf6 63. Kf4 Nc5 64. Nc3 Na4 65. Nb1 Ke7 66. Ke5 Kd7 67. Kf6 Ke8 68. Kg7 Ke7 69. Kg8 Kf6 70. Kf8 Nc5 71. Ke8 Ne4 72. Kf8 Nd6 73. Nc3 Kxf5 74. Ke7 Ke5 75. Nb1 f5 0-1


[Site "https://www.chess.com"]

[Event "Titled Tuesday Blitz August 1 Early 2023"]
[White "ChesscularGodofchess"]
[Black "Shapiro, Viktor"]
[BlackFideId "4175700"]
[WhiteElo "2268"]
[BlackElo "2517"]
[Result "0-1"]
[Round "8"]
[TimeControl "180+1"]
[Date "2023.08.01"]
[WhiteClock "0:00:22"]
[BlackClock "0:00:55"]
[Board "116"]

1. d4 Nf6 2. Nf3 g6 3. Nbd2 Bg7 4. e4 d6 5. Bc4 O-O 6. Bb3 a5 7. a4 c5 8. dxc5 dxc5 9. O-O Nc6 10. c3 Qc7 11. h3 b6 12. Bc4 Bb7 13. Qe2 e6 14. Re1 Rad8 15. Nb1 h6 16. Na3 Nh5 17. Nb5 Qb8 18. Be3 Nf4 19. Bxf4 Qxf4 20. Rad1 Ne5 21. Nxe5 Bxe5 22. g3 Qg5 23. Kh2 h5 24. f4 Bxf4 25. gxf4 Qxf4+ 26. Kg1 Rxd1 27. Rxd1 Bxe4 28. Qf2 Qg5+ 29. Kh2 Rd8 30. Rxd8+ Qxd8 31. Bf1 Qd1 32. Bg2 Qxa4 33. Nd6 Bf5 34. Qf3 Qb3 35. Qa8+ Kg7 36. Ne8+ Kh6 37. Nd6 Kg7 38. Qe8 e5 39. Qe7 Be6 40. Ne8+ Kg8 41. Qf6 Kf8 42. Nc7 Bd7 43. Bd5 Qxb2+ 44. Kg3 Qxc3+ 45. Kh4 Qe1+ 46. Kg5 Qd2+ 47. Kh4 Qf4+ 48. Qxf4 exf4 49. Kg5 Ke7 50. Kxf4 Kd6 51. Bxf7 Kxc7 52. Bxg6 h4 53. Bh5 Bxh3 54. Bd1 Be6 55. Kf3 Kd6 56. Kg2 h3+ 57. Kh2 Ke5 58. Bf3 Kd4 59. Be2 c4 60. Bf1 c3 61. Be2 c2 62. Bd1 cxd1=Q 63. Kg3 Qg1+ 64. Kh4 Bf5 65. Kh5 Qg6+ 66. Kh4 Qg4# 0-1


[Site "https://www.chess.com"]

[Event "Titled Tuesday Blitz August 1 Early 2023"]
[White "Floresvillar Gonzalez, Luis Migu"]
[Black "Kiremitciyan, Ari"]
[WhiteFideId "5100542"]
[BlackFideId "6373445"]
[WhiteElo "2151"]
[BlackElo "2496"]
[Result "0-1"]
[Round "8"]
[TimeControl "180+1"]
[Date "2023.08.01"]
[WhiteClock "0:01:28"]
[BlackClock "0:01:42"]
[Board "117"]

1. d4 Nf6 2. c3 d5 3. Bg5 c5 4. e3 cxd4 5. exd4 Nc6 6. Nf3 Bg4 7. Nbd2 e6 8. Qb3 Rb8 9. Bd3 Bd6 10. h3 Bxf3 11. Nxf3 O-O 12. O-O Qc7 13. Bxf6 gxf6 14. Qc2 f5 15. Bxf5 exf5 16. Qxf5 Ne7 17. Qg5+ Ng6 18. h4 Qe7 19. Qxd5 Rbd8 20. Qf5 Nxh4 21. Rfe1 Nxf5 0-1


[Site "https://www.chess.com"]

[Event "Titled Tuesday Blitz August 1 Early 2023"]
[White "Kirillov, Dmitry"]
[Black "Atakhan, Abtin"]
[WhiteFideId "34180572"]
[BlackFideId "22502203"]
[WhiteElo "2430"]
[BlackElo "2765"]
[Result "1/2-1/2"]
[Round "8"]
[TimeControl "180+1"]
[Date "2023.08.01"]
[WhiteClock "0:00:21"]
[BlackClock "0:00:10"]
[Board "118"]

1. d4 Nf6 2. Nf3 g6 3. g3 Bg7 4. Bg2 d5 5. O-O O-O 6. c4 c6 7. cxd5 cxd5 8. Ne5 Nc6 9. Nc3 Bf5 10. Nxc6 bxc6 11. Na4 h5 12. b3 Re8 13. Bg5 Ne4 14. Bf4 c5 15. Nxc5 Nxc5 16. dxc5 Bxa1 17. Qxa1 Rc8 18. b4 Be6 19. Rd1 Qd7 20. e4 d4 21. Rxd4 Qa4 22. Bh6 f6 23. e5 Red8 24. exf6 exf6 25. Rxd8+ Rxd8 26. Qxf6 Rd1+ 27. Bf1 Rxf1+ 28. Kxf1 Qd1+ 29. Kg2 Bd5+ 30. f3 Qe2+ 31. Kh3 Be6+ 32. g4 Bxg4+ 33. Kg3 Qe1+ 34. Kf4 Qd2+ 35. Kg3 Qe1+ 36. Kf4 Qd2+ 37. Kg3 Qe1+ 1/2-1/2


[Site "https://www.chess.com"]

[Event "Titled Tuesday Blitz August 1 Early 2023"]
[White "Davidson, Kevin"]
[Black "Nagare Kaivalya Sandip"]
[WhiteFideId "2056810"]
[BlackFideId "25957929"]
[WhiteElo "2430"]
[BlackElo "2663"]
[Result "0-1"]
[Round "8"]
[TimeControl "180+1"]
[Date "2023.08.01"]
[WhiteClock "0:00:46"]
[BlackClock "0:01:36"]
[Board "119"]

1. e4 c5 2. Nf3 d6 3. d4 cxd4 4. Nxd4 Nf6 5. Nc3 a6 6. h3 e5 7. Nde2 h5 8. Bg5 Be6 9. Bxf6 Qxf6 10. Nd5 Qd8 11. Nec3 g6 12. Bc4 Nd7 13. O-O Rc8 14. Bb3 Bg7 15. Ne3 Rc6 16. Bd5 Nf6 17. Bxc6+ bxc6 18. Qd3 O-O 19. Rad1 Qb6 20. Qxd6 Qxb2 21. Qc5 Qb7 22. Rb1 Qc7 23. Rb6 Nd7 24. Qxc6 Qxb6 0-1


[Site "https://www.chess.com"]

[Event "Titled Tuesday Blitz August 1 Early 2023"]
[White "Koshulyan, Egor A."]
[Black "Fernandez Garcia, Gumersindo"]
[WhiteFideId "24237000"]
[BlackFideId "24516740"]
[WhiteElo "2645"]
[BlackElo "2421"]
[Result "1-0"]
[Round "8"]
[TimeControl "180+1"]
[Date "2023.08.01"]
[WhiteClock "0:02:12"]
[BlackClock "0:01:02"]
[Board "120"]

1. g4 d5 2. Bg2 Bxg4 3. c4 c6 4. Qb3 Qb6 5. cxd5 Qxb3 6. axb3 Nf6 7. Nc3 a6 8. d3 Nxd5 9. Nxd5 cxd5 10. Bxd5 Nc6 11. Bd2 e6 12. Bxc6+ bxc6 13. h3 Bh5 14. Rc1 Kd7 15. Rc4 Rb8 16. Rd4+ Kc8 17. b4 Be7 18. Rc4 Kb7 19. e3 Bf6 20. d4 Bg6 21. Ne2 Bd3 22. Rc3 Bxe2 23. Kxe2 e5 24. dxe5 Bxe5 25. Rc2 Rbd8 26. Rhc1 Rd7 27. Rxc6 Bxb2 28. R1c2 Bf6 29. R6c5 Rhd8 30. b5 axb5 31. Rxb5+ Ka6 32. Rb1 Rd5 33. Ra2+ 1-0


[Site "https://www.chess.com"]

[Event "Titled Tuesday Blitz August 1 Early 2023"]
[White "Bilan, Danila"]
[Black "Vivas Zamora, Fabian Ernesto"]
[WhiteFideId "24161918"]
[BlackFideId "3902480"]
[WhiteElo "2565"]
[BlackElo "2429"]
[Result "0-1"]
[Round "8"]
[TimeControl "180+1"]
[Date "2023.08.01"]
[WhiteClock "0:00:00"]
[BlackClock "0:00:18"]
[Board "121"]

1. d4 Nf6 2. Nf3 g6 3. Bg5 Bg7 4. c3 O-O 5. Nbd2 d5 6. e3 b6 7. Bd3 Bb7 8. Ne5 Ne4 9. Nxe4 dxe4 10. Bc4 Nd7 11. Ng4 Kh8 12. h4 h5 13. Nh6 Qe8 14. Nf5 gxf5 15. Qxh5+ Kg8 16. Rh3 e6 17. Rg3 f6 18. Bxe6+ Qxe6 19. Bh6 Rf7 20. Qg6 Nf8 21. Qh5 Re8 22. O-O-O Qxa2 0-1


[Site "https://www.chess.com"]

[Event "Titled Tuesday Blitz August 1 Early 2023"]
[White "Harriott, Tyrell"]
[Black "Ambartsumova, Karina"]
[WhiteFideId "2086484"]
[BlackFideId "4166299"]
[WhiteElo "2420"]
[BlackElo "2561"]
[Result "1-0"]
[Round "8"]
[TimeControl "180+1"]
[Date "2023.08.01"]
[WhiteClock "0:00:12"]
[BlackClock "0:00:00"]
[Board "122"]

1. d4 d6 2. e3 g6 3. Bd3 Bg7 4. f4 Nd7 5. Nf3 e5 6. O-O Ne7 7. c3 O-O 8. e4 exd4 9. cxd4 c5 10. d5 f5 11. Nc3 fxe4 12. Bxe4 Nf6 13. Bc2 Bf5 14. Ng5 Qd7 15. Ba4 Qc7 16. Qe2 a6 17. Ne6 Bxe6 18. Qxe6+ Rf7 19. Bc2 Re8 20. Qh3 Nexd5 21. f5 gxf5 22. Nxd5 Nxd5 23. Bxf5 Bd4+ 24. Kh1 Kh8 25. Bg5 Rg8 26. Be6 Rxf1+ 27. Rxf1 Re8 28. Bxd5 Qg7 29. Bh6 Qf6 30. g3 Qe5 31. Bg2 d5 32. Qg4 1-0


[Site "https://www.chess.com"]

[Event "Titled Tuesday Blitz August 1 Early 2023"]
[White "robertoalejandro10"]
[Black "Diaz Herquinio, Brahian"]
[BlackFideId "3809480"]
[WhiteElo "2556"]
[BlackElo "2419"]
[Result "0-1"]
[Round "8"]
[TimeControl "180+1"]
[Date "2023.08.01"]
[WhiteClock "0:00:05"]
[BlackClock "0:00:08"]
[Board "123"]

1. e4 c5 2. d4 cxd4 3. c3 Nf6 4. e5 Nd5 5. cxd4 e6 6. Nf3 d6 7. Nc3 Nc6 8. Nxd5 exd5 9. Bd3 Be7 10. h4 Bg4 11. Bf4 Qa5+ 12. Kf1 Nxd4 13. exd6 Bxf3 14. gxf3 Bf6 15. Kg2 O-O 16. Bg5 Qd8 17. f4 Qxd6 18. Qh5 g6 19. Qg4 h5 20. Qg3 Bxg5 21. hxg5 Ne6 22. Rh4 Rfe8 23. Rah1 Ng7 24. Qf3 Rad8 25. f5 gxf5 26. Rxh5 Nxh5 27. Qxh5 Kf8 28. Bxf5 Qe5 29. Bg4 Rd6 30. Qh4 Rg6 31. Qh8+ Qxh8 32. Rxh8+ Ke7 33. Rxe8+ Kxe8 34. f4 f6 35. Bf5 Rg7 36. g6 Ke7 37. Kf3 Kd6 38. Kg4 Kc5 39. Bb1 Kd6 40. Kf5 Ke7 41. Bd3 a6 42. Kg4 Rg8 43. Kh5 Kf8 44. Kg4 Kg7 45. Kf5 Re8 46. Bc2 Re2 47. Bb3 Rxb2 48. Bxd5 Rb5 49. Ke6 Kxg6 50. Kd6 Rxd5+ 51. Kxd5 Kf5 52. Kc5 Kxf4 53. Kb6 Ke3 54. Kxb7 f5 55. Kxa6 f4 56. Kb7 f3 57. a4 f2 58. a5 f1=Q 59. a6 Qb5+ 60. Ka7 Qd7+ 61. Kb8 Qd6+ 62. Ka8 Qc6+ 63. Ka7 Qc8 64. Kb6 Qa8 0-1


[Site "https://www.chess.com"]

[Event "Titled Tuesday Blitz August 1 Early 2023"]
[White "Tsyhanchuk, Stanislav"]
[Black "Hajiyev, Kanan"]
[WhiteFideId "13505130"]
[BlackFideId "13404148"]
[WhiteElo "2414"]
[BlackElo "2554"]
[Result "1-0"]
[Round "8"]
[TimeControl "180+1"]
[Date "2023.08.01"]
[WhiteClock "0:02:34"]
[BlackClock "0:02:42"]
[Board "124"]

1. c4 Nf6 2. Nc3 e6 3. d4 d5 4. cxd5 exd5 5. Bg5 h6 6. Bxf6 gxf6 7. Qc2 c6 8. e3 Bd6 9. Bd3 Be6 10. Nf3 Nd7 11. O-O-O a5 12. Bf5 Qe7 13. Nh4 Nb6 14. Bxe6 Qxe6 15. Nf5 a4 16. Ng7+ 1-0


[Site "https://www.chess.com"]